 Dungeon Sprint DCSS version 0.28.0-53-g5a82cb258f (webtiles) character file.

Game seed: 14143061592998838553

1999 Zeld the Severer (level 9, -2/89 HPs)
             Began as a Minotaur Berserker on June 16, 2022.
             Was a Priest of Trog.
             Slain by an unseen horror (5 damage)
             ... in the Dungeon (Sprint I: "Red Sonja").
             The game lasted 00:01:30 (1604 turns).

Zeld the Severer (Minotaur Berserker)               Turns: 1604, Time: 00:01:31

Health: -2/89      AC:  5    Str: 26    XL:     9   Next: 2%
Magic:  8/8        EV: 14    Int:  4    God:    Trog [***...]
Gold:   234        SH:  0    Dex: 10    Spells: 8/8 levels left

rFire   . . .      SeeInvis .   a - +0 hand axe
rCold   . . .      Faith    .   (no shield)
rNeg    . . .      Spirit   .   k - +0 ring mail {rPois}
rPois   +          Reflect  .   (helmet restricted)
rElec   .          Harm     .   (no cloak)
rCorr   .          Rampage  .   (no gloves)
Will    .....      NoTele   +   (no boots)
Stlth   ..........              (no amulet)
HPRegen 0.24/turn               (no ring)
MPRegen 0.11/turn               (no ring)

@: on berserk cooldown, slowed, very slow
A: horns 2, retaliatory headbutt
a: Renounce Religion, Berserk, Trog's Hand


You were in the Dungeon.
You worshipped Trog.
Trog was most pleased with you.
You visited 1 branch You collected 437 gold pieces.
You spent 203 gold pieces at shops.

Inventory:

Hand Weapons
 a - a +0 hand axe (weapon)
Armour
 k - a +0 ring mail of poison resistance (worn)
Wands
 i - a wand of charming (10)
Scrolls
 h - 2 scrolls of blinking
 j - a scroll of vulnerability {unknown}
Potions
 e - a potion of haste
 f - 2 potions of magic
 g - a potion of berserk rage
 l - a potion of flight


   Skills:
 + Level 11.5 Fighting
 * Level 15.7 Axes
 - Level 2.4 Armour
 + Level 10.4 Dodging
 - Level 8.0 Evocations


You had 8 spell levels left.
You didn't know any spells.
Your spell library was empty.

Dungeon Overview and Level Annotations

Branches:
Dungeon (1/1)

Altars:
Cheibriados
Dithmenos
Elyvilon
Fedhas
Gozag
Hepliaklqana
Kikubaaqudgha
Makhleb
Nemelex Xobeh
Okawaru
Qazlal
Ru
Sif Muna
Trog
Uskayaw
Vehumet
Wu Jian
Xom
Yredelemnul
Zin
The Shining One
Jiyva
Lugonu

Shops:
D *

Annotations:
D Sonja


Innate Abilities, Weirdness & Mutations

You have a pair of horns on your head.
You reflexively headbutt those who attack you in melee.


Message History

Something barely misses you. Something hits you. x3
* * * LOW HITPOINT WARNING * * *
Something hits you.
* * * LOW HITPOINT WARNING * * *
Unknown command.
You swap places.
Something hits you.
* * * LOW HITPOINT WARNING * * *
Something barely misses your two-headed ogre.
Something barely misses you. Something hits your two-headed ogre.
Your two-headed ogre rages.
You hear a zap.
You hear a grinding noise.
Something hits you.
* * * LOW HITPOINT WARNING * * *
You see here 27 gold pieces.
Unknown command.
Something hits you.
* * * LOW HITPOINT WARNING * * *
Something hits you.
* * * LOW HITPOINT WARNING * * *
Your two-headed ogre hits something with a +0 giant spiked club!!!
Trog accepts your kill.
Reactivating autopickup.
You feel a bit more experienced.
Sonja throws a curare-tipped dart.
The curare-tipped dart hits you. Something hits your two-headed ogre.
Sonja throws a curare-tipped dart.
The curare-tipped dart barely misses your two-headed ogre.
The curare-tipped dart closely misses you.
You have reached level 9!
Your experience leads to an increase in your attributes!
Increase (S)trength, (I)ntelligence, or (D)exterity?
You feel stronger. x2
Something hits you but does no damage.
Deactivating autopickup; reactivate with Ctrl-A.
Something hits you.
* * * LOW HITPOINT WARNING * * *
Something hits your two-headed ogre.
You see here 27 gold pieces.
Unknown command.
Something hits you.
You die...

#####'#####'#__####...+
####..#...#.#### #####
#__####..##.#
#_____##'#_.+
#_.∩[..'.K._#
#_..__##_..'#
#_____###'#(#
#########..#.#+###
+$..'$$O$@+ #$.$#.#.###
##.###....... #+#
#....... #+++####


You could see a friendly two-headed ogre (summoned, berserk).

Vanquished Creatures
  2 kobold demonologists (D)
  A slime creature (D)
  Sigmund (D)
  A yak (D)
  A floating eye (D)
  An ogre (D)
  A jelly (D)
  Ijyb (D)
9 creatures vanquished.

Vanquished Creatures (collateral kills)
  A deep troll (D)
  An unseen horror (D)
2 creatures vanquished.

Grand Total: 11 creatures vanquished

Notes
Turn   | Place    | Note
-------+----------+-------------------------------------------
     0 | D        | Zeld the Minotaur Berserker began the quest for the Orb.
     0 | D        | Reached XP level 1. HP: 19/19 MP: 0/0
     1 | D        | Noticed Ijyb
     5 | D        | Killed Ijyb
     6 | D        | Reached skill level 5 in Fighting
     6 | D        | Reached skill level 6 in Axes
     6 | D        | Reached XP level 2. HP: 29/29 MP: 1/1
   347 | D        | Noticed an ogre
   350 | D        | Killed an ogre
   351 | D        | Reached skill level 8 in Axes
   351 | D        | Reached skill level 5 in Dodging
   351 | D        | Reached XP level 3. HP: 38/38 MP: 2/2
   351 | D        | Reached XP level 4. HP: 45/45 MP: 3/3
   600 | D        | Noticed Sigmund
   606 | D        | Killed Sigmund
   606 | D        | Reached ** piety under Trog
   607 | D        | Reached skill level 10 in Axes
   607 | D        | Reached skill level 5 in Evocations
   607 | D        | Reached XP level 5. HP: 52/52 MP: 4/4
   607 | D        | Reached XP level 6. HP: 60/60 MP: 5/5
   846 | D        | Found a burning altar of Makhleb.
   846 | D        | Found a viscous altar of Jiyva.
   846 | D        | Found a shimmering altar of Xom.
   846 | D        | Found a corrupted altar of Lugonu.
   846 | D        | Noticed a slime creature
   854 | D        | Killed a slime creature
   855 | D        | Reached skill level 11 in Axes
  1095 | D        | Found an ornate altar of the Wu Jian Council.
  1095 | D        | Found a shimmering blue altar of Sif Muna.
  1097 | D        | Found a radiant altar of Vehumet.
  1239 | D        | Found Fommozouha's General Store.
  1239 | D        | Found an ancient bone altar of Kikubaaqudgha.
  1239 | D        | Found a hazy altar of Hepliaklqana.
  1239 | D        | Found a hide-covered altar of Uskayaw.
  1239 | D        | Found a basalt altar of Yredelemnul.
  1239 | D        | Found an opulent altar of Gozag.
  1239 | D        | Found a snail-covered altar of Cheibriados.
  1239 | D        | Found a sacrificial altar of Ru.
  1239 | D        | Found a shadowy altar of Dithmenos.
  1239 | D        | Noticed a yak
  1241 | D        | Found a stormy altar of Qazlal.
  1241 | D        | Found a blossoming altar of Fedhas.
  1241 | D        | Found a bloodstained altar of Trog.
  1241 | D        | Found an iron altar of Okawaru.
  1241 | D        | Found a glowing golden altar of the Shining One.
  1241 | D        | Found a glowing silver altar of Zin.
  1241 | D        | Found a white marble altar of Elyvilon.
  1245 | D        | Killed a yak
  1246 | D        | Reached skill level 12 in Axes
  1246 | D        | Reached XP level 7. HP: 69/69 MP: 6/6
  1250 | D        | Found a sparkling altar of Nemelex Xobeh.
  1295 | D        | Bought a +0 ring mail of poison resistance for 88 gold
                  | pieces
  1295 | D        | Bought a potion of flight for 33 gold pieces
  1295 | D        | Bought a scroll of blinking for 82 gold pieces
  1483 | D        | Noticed a kobold demonologist
  1483 | D        | Noticed a kobold demonologist
  1485 | D        | Paralysed by a floating eye for 3 turns
  1489 | D        | Reached *** piety under Trog
  1495 | D        | Killed a kobold demonologist
  1496 | D        | Reached skill level 13 in Axes
  1498 | D        | Noticed a hellwing
  1498 | D        | Killed a kobold demonologist
  1498 | D        | Reached **** piety under Trog
  1499 | D        | Reached skill level 10 in Fighting
  1499 | D        | Reached skill level 14 in Axes
  1499 | D        | Reached XP level 8. HP: 79/79 MP: 7/7
  1571 | D        | Noticed Sonja
  1577 | D        | Noticed a deep troll
  1586 | D        | Killed a deep troll
  1587 | D        | Reached skill level 15 in Axes
  1587 | D        | Reached skill level 10 in Dodging
  1602 | D        | Killed an unseen horror
  1603 | D        | Reached XP level 9. HP: 7/89 MP: 8/8
  1603 | D        | HP: 2/89 [something (5)]
  1604 | D        | Slain by an unseen horror

Illustrated notes

Levels and vault maps discovered:
D:        dungeon_sprint_1 [red_sonja_temple_1, red_sonja_temple_small_1]

Skill      XL: |  1  2  3  4  5  6  7  8 |
---------------+-------------------------+-----
Fighting       | 5 6 7 8 10 11 | 11.5
Axes           | 6 8 10 12 14 15 | 15.7
Dodging        | 3 5 6 7 9 10 | 10.4
Evocations     | 2 5 7 8 |  8.0
Armour         | |  2.4

Action                   |  1- 3 |  4- 6 |  7- 9 || total
-------------------------+-------+-------+-------++-------
Melee: Hand axe          |     3 |    17 |    19 ||    39
       Headbutt          |     1 |     4 |     2 ||     7
       Punch             |       |       |     1 ||     1
Invok: Berserk           |     2 |     3 |     2 ||     7
       Brothers in Arms  |       |       |     1 ||     1
Evoke: Wand              |       |       |     1 ||     1
  Use: Potion            |       |       |     2 ||     2
Armor: Ring mail         |       |       |    14 ||    14
Dodge: Dodged            |     5 |     7 |    13 ||    25
